 Dungeon Crawl Stone Soup version 0.28-a0-1227-ga9037bb4c8 (webtiles) character file.

Game seed: 6830546908806376152

9 flotson the Ducker (level 2, -5/22 HPs)
             Began as a Demonspawn Gladiator on Dec 23, 2021.
             Succumbed to a goblin's poison
             ... on level 1 of the Dungeon.
             The game lasted 00:00:43 (756 turns).

flotson the Ducker (Demonspawn Gladiator)            Turns: 756, Time: 00:00:44

Health: -5/22      AC:  3    Str: 14    XL:     2   Next: 6%
Magic:  2/2        EV: 12    Int:  9    God:
Gold:   22         SH:  0    Dex: 14    Spells: 1/1 levels left

rFire   . . .      SeeInvis .   a - +0 flail
rCold   . . .      Faith    .   (no shield)
rNeg    . . .      Spirit   .   b - +0 leather armour
rPois   .          Reflect  .   (helmet restricted)
rElec   .          Harm     .   (no cloak)
rCorr   .          Rampage  .   (no gloves)
Will    .....                   (no boots)
Stlth   +.........              (no amulet)
HPRegen 0.07/turn               (no ring)
MPRegen 0.08/turn               (no ring)

@: lethally poisoned (-5 -> -26)
A: horns 1
a: no special abilities


You were on level 1 of the Dungeon.
You visited 1 branch of the dungeon, and saw 2 of its levels.

You collected 22 gold pieces.

Inventory:

Hand Weapons
 a - a +0 flail (weapon)
Missiles
 d - 3 throwing nets (quivered)
 g - 2 atropa-tipped darts
Armour
 b - a +0 leather armour (worn)
 c - a +0 helmet
Scrolls
 e - a scroll of magic mapping {unknown}
 f - 2 scrolls of identify {unknown}


   Skills:
 + Level 2.2 Fighting
 - Level 2.6 Maces & Flails
 + Level 2.0 Throwing
 + Level 0.5 Armour
 + Level 2.8 Dodging


You had one spell level left.
You didn't know any spells.
Your spell library was empty.

Dungeon Overview and Level Annotations

Branches:
Dungeon (2/15)

Altars:

Shops:
D:2 [

Annotations:
D:2 Robin


Innate Abilities, Weirdness & Mutations

You have a pair of small horns on your head.


Message History

You hit the hobgoblin.
You kill the hobgoblin!
You hear a shout! x2
A goblin comes into view. It is wielding a +0 club. x2
The goblin hits you with a +2 dagger of venom.
You are lethally poisoned!
The goblin shouts!
You feel very sick.
You hear a shout!
A hobgoblin comes into view.
You hear a shout!
You feel very sick.
* * * LOW HITPOINT WARNING * * *
You feel sick.
There is a stone staircase leading up here.
* * * LOW HITPOINT WARNING * * *
You feel sick.
You climb upwards.
* * * LOW HITPOINT WARNING * * *
You feel sick.
There is a stone staircase leading down here.
It was a potion of heal wounds.
You feel much better.
You feel sick. The goblin barely misses you.
You barely miss the goblin. Your headbutt misses the goblin.
You feel sick.
The goblin hits you with a +2 dagger of venom.
You are more poisoned.
The goblin hits you with a +2 dagger of venom.
You are lethally poisoned!
You barely miss the goblin.
You headbutt the goblin, but do no damage.
You feel extremely sick.
The goblin hits you with a +2 dagger of venom.
You are more poisoned.
You completely miss the goblin.
* * * LOW HITPOINT WARNING * * *
You feel extremely sick. The goblin barely misses you.
You hit the goblin.
You kill the goblin!
You die...

....# #[##.#...######.........
###.# #.##.....# #..........# #.#
#.......## #.##.#####.# ###.####
#####...# #.##.# #.# .......#
#...# #.##.#####(# ##.....# #...#
#.......##.. ##.....#
#####...#####..#.##.##..
.......###...........#..#........
.#.............)@.......###......
.......###...........##.##.......
...#.#.# #####...######..>.......
.###.#.# #...# ####.......
.##..#.# #.#.# #.###### .##.##.#
#...# #.# .......########.##
#####.######
.##.###.......#.######......#....
.##.###.####.......##............


There were no monsters in sight!

Vanquished Creatures
  3 goblins
  2 hobgoblins
  A ball python (D:1)
  A bat (D:1)
  A frilled lizard (D:1)
  A kobold (D:1)
  2 rats (D:1)
11 creatures vanquished.

Notes
Turn   | Place    | Note
-------+----------+-------------------------------------------
     0 | D:1      | flotson the Demonspawn Gladiator began the quest for the
                  | Orb.
     0 | D:1      | Reached XP level 1. HP: 16/16 MP: 1/1
   739 | D:2      | Found Befor's Antique Armour Boutique.
   746 | D:2      | Gained mutation: You have a pair of small horns on your
                  | head. [demonic ancestry]
   746 | D:2      | Reached XP level 2. HP: 18/22 MP: 2/2
   750 | D:2      | Noticed Robin
   755 | D:1      | HP: 1/22 [poisoned by a goblin]
   756 | D:1      | Succumbed to a goblin's poison

Illustrated notes

Levels and vault maps discovered:
D:1:      dpeg_arrival_windows_large_door, layout_loops_cross,
          skrybe_limestone_x, minmay_hexomino_u4
D:2:      layout_loops_cross, shapermc_ecumenical_altar_ellora, serial_shops,
          nicolae_shop_statue_plus, uniq_crazy_yiuf_cottage, uniq_robin,
          uniq_jessica

Skill      XL: |  1 |
---------------+----+-----
Throwing       | 2 |  2.0
Fighting       | |  2.2
Maces & Flails | |  2.6
Armour         | |  0.5
Dodging        | |  2.8

Action                   || total
-------------------------++-------
Melee: Flail             ||    28
       Headbutt          ||     1
  Use: Potion            ||     1
Armor: Leather armour    ||     4
Dodge: Dodged            ||    16

Table legend: (Time is in decaauts)
 A = Elapsed time spent in this place.
 B = Non-inter-level travel time spent in this place.
 C = Inter-level travel time spent in this place.
 D = Time resting spent in this place.
 E = Time spent auto-exploring this place.
 F = Levels seen in this place.
 G = Mean time per level.
                   A        B        C        D        E       F      G
               +--------+--------+--------+--------+--------+-----+--------+
         Total |    763 |    729 |     34 |      0 |    644 |   2 |  381.5 |
       Dungeon |    763 |    729 |     34 |      0 |    644 |   2 |  381.5 |
               +--------+--------+--------+--------+--------+-----+--------+

Top non-repeatable levels by time:
     D:1: 750 daAuts
     D:2: 12 daAuts
